 Dungeon Crawl Stone Soup version 0.31-a0-764-g8440623082 (webtiles) character file.

Game seed: 8160634811168115173

5 GordonOverkill the Sneak (level 1, 0/13 HPs)
             Began as a Deep Elf Delver on Sept 15, 2023.
             Was an Initiate of Sif Muna.
             Slain by a centaur (3 damage)
             ... on level 5 of the Dungeon.
             The game lasted 00:01:31 (90 turns).

GordonOverkill the Sneak (Deep Elf Delver)            Turns: 90, Time: 00:01:31

Health: 0/13       AC:  4    Str:  6 (9)  XL:     1   Next: 66%
Magic:  3/3        EV: 11    Int: 11 (14) God:    Sif Muna [......]
Gold:   12         SH:  0    Dex: 13 (16) Spells: 0/0 levels left

rFire   . . .        a - +0 short sword
rCold   . . .        (no shield)
rNeg    . . .        b - +0 leather armour
rPois   .            (no helmet)
rElec   .            (no cloak)
rCorr   .            h - +0 pair of gloves
SInv    .            (no boots)
Will    .....        (no amulet)
Stlth   +++          (no ring)
HPRegen 0.22/turn    (no ring)
MPRegen 0.08/turn

%: no passive effects
@: hasted, very quick
A: no striking features
a: Renounce Religion


You were on level 5 of the Dungeon.
You worshipped Sif Muna.
Sif Muna was noncommittal.
You visited 1 branch of the dungeon, and saw 1 of its levels.

You collected 12 gold pieces.

Inventory:

Hand Weapons
 a - a +0 short sword (weapon)
Armour
 b - a +0 leather armour (worn)
 h - a +0 pair of gloves (worn)
Wands
 g - a wand of digging (3)
Scrolls
 c - a scroll of fog
 d - a scroll of revelation
 e - a scroll of fear
 j - a scroll of enchant armour {unknown}


   Skills:
 + Level 2.7 Fighting
 - Level 2.0 Short Blades
 - Level 2.4 Dodging
 - Level 6.0 Stealth


You couldn't memorise any spells.
You didn't know any spells.
Your spell library was empty.

Dungeon Overview and Level Annotations

Branches:
Dungeon (5/15)
 Temple: D:4-7

Altars:
Sif Muna


Message History

You kill the ufetubus!
i - a puce potion
Found a scroll labelled IKHUIS BOCE and 12 gold pieces.
j - a scroll labelled IKHUIS BOCE You now have 12 gold pieces.
A centaur comes into view.
As you open the door, it creaks loudly!
You hear a bark!
There is an open door here.
Found a shimmering blue altar of Sif Muna.
There is a shimmering blue altar of Sif Muna here.
You kneel at the altar of Sif Muna.
Sif Muna welcomes you!
You open the door.
There is an open door here.
The centaur hits you.
The centaur kicks you but does no damage.
The centaur closely misses you. x2
It was a potion of degeneration.
There was something very wrong with that liquid.
You feel weakened.
You feel dopey.
You feel clumsy. The centaur barely misses you. x2
You feel yourself speed up. The centaur closely misses you. x2
The centaur barely misses you.
The centaur kicks you but does no damage.
You hit the centaur.
The centaur is lightly wounded.
The centaur hits you.
* * * LOW HITPOINT WARNING * * *
The centaur kicks you but does no damage.
You hit the centaur.
The centaur is moderately wounded.
The centaur hits you.
* * * LOW HITPOINT WARNING * * *
The centaur kicks you but does no damage.
You hit the centaur.
The centaur is moderately wounded.
The centaur hits you.
* * * LOW HITPOINT WARNING * * *
The centaur kicks you.
You die...

###.. ...♣+♣♣ ♣ ..#
#..♣.. .♣ #..
#..♣.###.♣
..##..♣.....♣
#..##.'.._..+
#..##.♣.....♣
#..##.♣.###.♣
#..@#♣.....♣ ##
##...c♣'♣♣♣+♣ ...
##..###..c##.##.....
#..## ###..#.....c..
##.## ##..##......
##..##########........
##..#......##
##.......
##...........##
#...... #
#.............# ......


You could see a centaur.

Vanquished Creatures
  An ufetubus (D:5)
1 creature vanquished.

Notes
Turn   | Place    | Note
-------+----------+-------------------------------------------
     0 | D:5      | GordonOverkill the Deep Elf Delver began the quest for the
                  | Orb.
     0 | D:5      | Reached XP level 1. HP: 13/13 MP: 3/3
    31 | D:5      | Noticed a hound
    66 | D:5      | Noticed a centaur
    74 | D:5      | Found a shimmering blue altar of Sif Muna.
    78 | D:5      | Became a worshipper of Sif Muna the Loreminder
    90 | D:5      | Slain by a centaur

Illustrated notes

Levels and vault maps discovered:
D:5:      layout_cave_pods, mainiacjoe_overflow_six_doors_small, trog_book,
          minmay_temple_entry_antechambers

Action                     || total
---------------------------++-------
  Melee: Short sword       ||     4
    Use: Potion            ||     2
   Stab: Sleeping          ||     1
 Armour: Leather armour    ||     9
  Dodge: Dodged            ||     7

Table legend: (Time is in decaauts)
 A = Elapsed time spent in this place.
 B = Non-inter-level travel time spent in this place.
 C = Inter-level travel time spent in this place.
 D = Time resting spent in this place.
 E = Time spent auto-exploring this place.
 F = Levels seen in this place.
 G = Mean time per level.
                   A        B        C        D        E       F      G
               +--------+--------+--------+--------+--------+-----+--------+
         Total |     89 |     89 |      0 |      0 |      0 |   1 |   89.0 |
       Dungeon |     89 |     89 |      0 |      0 |      0 |   1 |   89.0 |
               +--------+--------+--------+--------+--------+-----+--------+

Top non-repeatable levels by time:
     D:5: 89 daAuts
